 Dungeon Crawl Stone Soup version 0.19.5 (webtiles) character file.

0 Gargoyl the Skirmisher (level 1, -2/19 HPs)
             Began as a Ghoul Abyssal Knight on Mar 24, 2017.
             Was a Follower of Lugonu.
             Slain by a large abomination (21 damage)
             ... on level 3 of the Abyss.
             The game lasted 00:01:35 (382 turns).

Gargoyl the Skirmisher (Ghoul Abyssal Knight)        Turns: 382, Time: 00:01:36

Health: -2/19      AC:  5    Str: 15    XL:     1   Next: 0%
Magic:  1/1        EV: 10    Int:  7    God:    Lugonu [*.....]
Gold:   80         SH:  0    Dex:  8    Spells: 0 memorised, 0 levels left

rFire  . . .     SeeInvis .     (no weapon)
rCold  + . .     Gourm    .     d - +0 ring mail
rNeg   + + +     Faith    .     (no shield)
rPois  ∞         Spirit   .     (no helmet)
rElec  .         Reflect  .     (no cloak)
rCorr  .         Harm     .     (no gloves)
MR     .....                    (no boots)
Stlth  ..........               (no amulet)
                                (no ring)
                                (no ring)

@: rotting
A: rotting body, claws 1, carnivore 3, cold resistance 1, negative energy
resistance 3, slow regeneration 1, torment resistance, unbreathing
a: Depart the Abyss, Renounce Religion


You were on level 3 of the Abyss.
You worshipped Lugonu.
Lugonu was aware of your devotion.
You were not hungry.

You visited 0 branches of the dungeon, and saw 0 of its levels.
You visited the Abyss 1 time.

You collected 80 gold pieces.

Inventory:

Hand Weapons
 a - a +1 hand axe
Armour
 b - a +0 leather armour
 d - a +0 ring mail (worn)
Wands
 e - a wand of iceblast (0/15)
Comestibles
 c - a meat ration


   Skills:
 + Level 3.2 Fighting
 + Level 1.7 Axes
 + Level 1.7 Armour
 + Level 0.8 Dodging
 + Level 2.0 Invocations


You couldn't memorise any spells.
You didn't know any spells.

Dungeon Overview and Level Annotations

Branches:
Dungeon (0/15)

Altars:


Innate Abilities, Weirdness & Mutations

Your body is rotting away.
You thrive on raw meat.
You are immune to poison.
You have sharp fingernails.
You are carnivorous and can eat meat at any time.
Your flesh is cold resistant. (rC+)
You are immune to negative energy. (rN+++)
You regenerate slowly when monsters are visible.
You are immune to unholy pain and torment.
You can survive without breathing.


Message History

Press: ? - help, Shift-Dir - straight line, f/p - large abomination
Aim: a large abomination (moderately damaged)
The mass of ice explodes!
The iceblast engulfs the large abomination.
The large abomination is moderately damaged.
Evoking this partially-identified wand wasted a few charges.
You are now empty-clawed.
Zapping:
e - a wand of iceblast {zapped: 6} (will waste charges)
Press: ? - help, Shift-Dir - straight line, f/p - large abomination
Aim: a large abomination (moderately damaged)
The mass of ice explodes!
The iceblast engulfs the large abomination.
The large abomination is heavily damaged.
Evoking this partially-identified wand wasted a few charges.
You hear a shout!
Zapping:
e - a wand of iceblast {zapped: 9} (will waste charges)
Press: ? - help, Shift-Dir - straight line, p - large abomination Nothing appears to happen.
The large abomination hits you!!
Ouch! That really hurt!
You die...

≈≈≈ . ≈ ≈≈.≈≈ .
.. ≈ ≈≈≈≈≈≈≈..#
8.. ≈≈≈≈♣≈≈≈≈≈
..8. .#.≈≈≈≈≈≈≈#
#... ##. ≈≈≈≈≈≈..
#..#.#≈♣≈≈≈≈≈..
#..@#≈≈.≈≈≈≈≈≈ .
##.#X...≈≈≈≈≈ ..
... ###....≈≈♣≈≈
.....#
#...#≈≈≈≈≈≈≈ ...
. . .....≈≈##≈≈≈≈
. .. .. .....
..#≈≈≈≈≈.≈≈ ..
#....#..#..≈#≈≈≈≈
.
((#%#)......##..#
≈≈ ...# ..#.
.#.......# ≈≈


You could see a large abomination.

Vanquished Creatures (others)
  A chaos spawn (Abyss:2)
  A lurking horror (Abyss:2)
2 creatures vanquished.

Notes
Turn   | Place    | Note
-------+----------+-------------------------------------------
     0 | Abyss:1  | Gargoyl the Ghoul Abyssal Knight began the quest for the Orb.
     0 | Abyss:1  | Reached XP level 1. HP: 19/19 MP: 1/1
    43 | Abyss:2  | Found a corrupted altar of Lugonu.
    56 | Abyss:2  | Noticed a large abomination
    72 | Abyss:2  | Noticed a hellion
    80 | Abyss:2  | Noticed a crimson imp
    80 | Abyss:2  | Noticed a crimson imp
    81 | Abyss:2  | Noticed a crimson imp
   112 | Abyss:2  | Killed a chaos spawn
   177 | Abyss:2  | Noticed a starcursed mass
   306 | Abyss:2  | Noticed a basilisk
   378 | Abyss:3  | Noticed a large abomination
   382 | Abyss:3  | Slain by a large abomination

Action                   || total
-------------------------++-------
Evoke: Wand              ||     3
  Use: Scroll            ||     3
Dodge: Dodged            ||     1
